 Dungeon Sprint DCSS version 0.28-a0-79-g444c7a33f5 (webtiles) character file.

Game seed: 12973360098960178085

108 Zeldest the Slasher (level 4, -2/27 HPs)
             Began as a Vine Stalker Gladiator on Aug 2, 2021.
             Was an Initiate of Cheibriados.
             Slain by a two-headed ogre (15 damage)
             ... in the Dungeon (Sprint IX: "|||||||||||||||||||||||||||||").
             The game lasted 00:01:00 (98 turns).

Zeldest the Slasher (Vine Stalker Gladiator)          Turns: 98, Time: 00:01:01

Health: -2/27      AC:  6    Str: 21    XL:     4   Next: 87%
Magic:  0/5        EV: 15    Int: 18    God:    Cheibriados [......]
Gold:   0          SH:  0    Dex: 24    Spells: 3/3 levels left

rFire   x . .      SeeInvis .   l - +2 scimitar of Qepry {vorpal, rF- rCorr Str+4 Int+9}
rCold   . . .      Faith    .   (no shield)
rNeg    . . .      Spirit   +   b - +0 leather armour
rPois   .          Reflect  .   c - +0 helmet
rElec   .          Harm     .   (no cloak)
rCorr   +          Rampage  .   m - +0 pair of gloves
Will    .....      NoTele   +   n - +0 pair of boots
Stlth   ++........              (no amulet)
HPRegen 1.09/turn               o - +3 ring of dexterity
MPRegen 0.09/turn               p - +3 ring of dexterity

@: very slow
A: fangs 2, regeneration 1, magic shield, antimagic bite, no potion heal 2
a: Renounce Religion, Bend Time


You were in the Dungeon.
You worshipped Cheibriados.
Cheibriados was noncommittal.
You visited 1 branch

Inventory:

Hand Weapons
 a - a +0 long sword
 k - a +2 rapier of draining
 l - the +2 scimitar of Qepry (weapon) {vorpal, rF- rCorr Str+4 Int+9}
   (You found it in the Dungeon)

   It inflicts extra damage upon your enemies.
   Str:       It affects your strength (+4).
   Int:       It affects your intelligence (+9).
   rF:        It makes you vulnerable to fire.
   rCorr:     It protects you from acid and corrosion.
Missiles
 d - 3 throwing nets (quivered)
Armour
 b - a +0 leather armour (worn)
 c - a +0 helmet (worn)
 m - a +0 pair of gloves (worn)
 n - a +0 pair of boots (worn)
Jewellery
 o - a +3 ring of dexterity (left hand)
 p - a +3 ring of dexterity (right hand)
Wands
 j - a wand of iceblast (10)
Scrolls
 h - 2 scrolls of amnesia
 i - 2 scrolls of blinking
Potions
 e - 5 potions of curing
 f - a potion of invisibility
 g - 4 potions of magic


   Skills:
 + Level 5.0 Fighting
 + Level 5.5 Long Blades
 - Level 1.7 Throwing
 + Level 5.0 Dodging
 + Level 0.0 Invocations
 + Level 0.0 Evocations


You had 3 spell levels left.
You didn't know any spells.
Your spell library was empty.

Dungeon Overview and Level Annotations

Branches:
Dungeon (1/1)

Altars:
Cheibriados
Dithmenos
Elyvilon
Fedhas
Gozag
Hepliaklqana
Kikubaaqudgha
Makhleb
Nemelex Xobeh
Okawaru
Qazlal
Ru
Sif Muna
Trog
Uskayaw
Vehumet
Wu Jian
Xom
Yredelemnul
Zin
The Shining One
Beogh
Jiyva
Lugonu


Innate Abilities, Weirdness & Mutations

You have extremely sharp teeth.
Your natural rate of healing is unusually fast.
When hurt, damage is shared between your health and your magic reserves.
Your bite disrupts and absorbs the magic of your enemies.
Potions cannot restore your health.


Message History

l - the +2 scimitar of Qepry (weapon)
{vorpal, rF- rCorr Str+4 Int+9} You recover from your berserk rage.
You see here a +0 pair of gloves.
You start putting on your armour.
You continue putting on your +0 pair of gloves. x4
You finish putting on your +0 pair of gloves.
You see here a +0 pair of boots.
You start putting on your armour.
You continue putting on your +0 pair of boots. x4
You finish putting on your +0 pair of boots.
You see here a +1 chain mail.
o - a +3 ring of dexterity
p - a +3 ring of dexterity You feel agile.
o - a +3 ring of dexterity (left hand)
You feel agile.
p - a +3 ring of dexterity (right hand)
You open the door.
An acid dragon, 2 gnoll sergeants, an orc warrior, a two-headed ogre and a zombie come into view.
A gnoll sergeant is wielding a +3 vorpal trident.
The gnoll sergeant shouts! x2; The two-headed ogre shouts in stereo!
The orc warrior shouts!
Okay, then.
Okay, then.
Okay, then.
The acid dragon roars!
You hit the two-headed ogre. You bite the two-headed ogre. You drain its power.
The two-headed ogre is lightly wounded.
The two-headed ogre misses you.
You riposte.
You completely miss the two-headed ogre.
You bite the two-headed ogre, but do no damage.
The two-headed ogre is lightly wounded.
The two-headed ogre hits you with a +0 giant club!
The gnoll sergeant hits you from afar with a +0 spear.
You barely miss the two-headed ogre. You bite the two-headed ogre.
You drain its power.
You feel invigorated.
The two-headed ogre is moderately wounded.
The two-headed ogre hits you with a +0 dire flail!!
Ouch! That really hurt!
You die... ▓▓▓▓▓▓▓▓▓▓▓▓▓▓▓▓▓▓▓▓▓▓▓▓ _______'!.)...[.@Ogo.DZg ▓▓▓▓▓▓▓▓▓▓▓▓▓▓▓▓▓▓▓▓▓▓▓▓

You could see a two-headed ogre, an orc warrior, an acid dragon, 2 gnoll sergeants and an adder zombie.

Vanquished Creatures
  A scorpion (D)
  A hound (D)
  A gnoll (D)
  A dart slug (D)
  An orc (D)
  A bat skeleton (D)
  A goblin (D)
  A quokka (D)
  2 bats (D)
10 creatures vanquished.

Notes
Turn   | Place    | Note
-------+----------+-------------------------------------------
     0 | D        | Zeldest the Vine Stalker Gladiator began the quest for the
                  | Orb.
     0 | D        | Reached XP level 1. HP: 11/11 MP: 2/2
    13 | D        | Reached XP level 2. HP: 15/16 MP: 3/3
    19 | D        | Noticed a scorpion
    23 | D        | Killed a scorpion
    24 | D        | Reached XP level 3. HP: 21/21 MP: 4/4
    24 | D        | Gained mutation: Your natural rate of healing is unusually
                  | fast. [Vine Stalker growth]
    24 | D        | Reached XP level 4. HP: 25/25 MP: 5/5
    28 | D        | Reached skill level 5 in Long Blades
    32 | D        | Reached skill level 5 in Fighting
    32 | D        | Reached skill level 5 in Dodging
    38 | D        | Found a snail-covered altar of Cheibriados.
    38 | D        | Found a shadowy altar of Dithmenos.
    38 | D        | Found a white marble altar of Elyvilon.
    38 | D        | Found a blossoming altar of Fedhas.
    38 | D        | Found an opulent altar of Gozag.
    39 | D        | Found a hazy altar of Hepliaklqana.
    40 | D        | Found a viscous altar of Jiyva.
    41 | D        | Found an ancient bone altar of Kikubaaqudgha.
    42 | D        | Became a worshipper of Cheibriados the Contemplative
    44 | D        | Found a corrupted altar of Lugonu.
    45 | D        | Found a burning altar of Makhleb.
    46 | D        | Found a sparkling altar of Nemelex Xobeh.
    47 | D        | Found an iron altar of Okawaru.
    48 | D        | Found a stormy altar of Qazlal.
    49 | D        | Found a sacrificial altar of Ru.
    50 | D        | Found a shimmering blue altar of Sif Muna.
    51 | D        | Found a bloodstained altar of Trog.
    52 | D        | Found a hide-covered altar of Uskayaw.
    53 | D        | Found a radiant altar of Vehumet.
    54 | D        | Found an ornate altar of the Wu Jian Council.
    55 | D        | Found a shimmering altar of Xom.
    56 | D        | Found a basalt altar of Yredelemnul.
    57 | D        | Found a glowing silver altar of Zin.
    58 | D        | Found a glowing golden altar of the Shining One.
    74 | D        | Got the +2 scimitar of Qepry {vorpal, rF- rCorr Str+4
                  | Int+9}
    96 | D        | Noticed a two-headed ogre
    96 | D        | Noticed a gnoll sergeant
    96 | D        | Noticed an orc warrior
    96 | D        | Noticed an acid dragon
    96 | D        | Noticed a gnoll sergeant
    98 | D        | Slain by a two-headed ogre

Illustrated notes

Levels and vault maps discovered:
D:        linesprint [early_d, line_temple, items_1, d_10, items_2, lair_1,
          lair_end, items_3, orc_1, orc_end, items_4, d_15, swamp_1, shoals_1,
          snake_1, spider_1, d_20, vaults_1, items_5, swamp_end, shoals_end,
          snake_end, spider_end, vaults_end, d_27, items_6, zot_1, zot_end,
          crypt_end, forest_end, elf_end, slime_end, tomb_end, abyss_end,
          pan_hell_end]

Skill      XL: |  1  2  3  4 |
---------------+-------------+-----
Fighting       | 2 4 5 |  5.0
Long Blades    | 3 4 5 |  5.5
Dodging        | 3 4 5 |  5.0
Throwing       | |  1.7

Action                   |  1- 3 |  4- 6 || total
-------------------------+-------+-------++-------
Melee: Long sword        |    11 |     8 ||    19
       Bite              |     2 |     4 ||     6
       Scimitar          |       |     2 ||     2
  Use: Potion            |     2 |       ||     2
Armor: Leather armour    |     5 |     1 ||     6
Dodge: Dodged            |     7 |     5 ||    12
       Rpst.: Long sword |     1 |     1 ||     2
       Scimitar          |       |     1 ||     1

Table legend: (Time is in decaauts)
 A = Elapsed time spent in this place.
 B = Non-inter-level travel time spent in this place.
 C = Inter-level travel time spent in this place.
 D = Time resting spent in this place.
 E = Time spent auto-exploring this place.
 F = Levels seen in this place.
 G = Mean time per level.
                   A        B        C        D        E       F      G
               +--------+--------+--------+--------+--------+-----+--------+
         Total |    106 |    106 |      0 |      0 |      0 |   1 |  106.0 |
       Dungeon |    106 |    106 |      0 |      0 |      0 |   1 |  106.0 |
               +--------+--------+--------+--------+--------+-----+--------+

Top non-repeatable levels by time:
       D: 106 daAuts
